[Event "35th Roquetas Festival 2024"]
[Site "Roquetas de Mar"]
[Date "2024.01.03"]
[Round "2.2"]
[White "Peng, Li Min"]
[Black "Domene Mulyukov, Alexander"]
[Result "1-0"]
[ECO "B40"]
[WhiteElo "2575"]
[BlackElo "2266"]
[Annotator "TA"]
[PlyCount "53"]
[EventDate "2024.01.02"]
[EventType "swiss"]
[EventCountry "ESP"]
[SourceTitle "playchess.com"]
[Source "ChessBase"]
[SourceQuality "1"]
[TimeControl "5400+30"]

1. e4 c5 2. Nf3 e6 3. c3 d5 4. e5 d4 5. d3 Nc6 6. g3 {[%emt 0:00:45] B40: Sicilian: 2...e6, Unusual lines.} dxc3 7. bxc3 Nge7 {[%emt 0:00:48] [#]} 8. Na3 $146 {[%emt 0:16:01][%cal Bb1a3,Ba3c4,Bc4e3][%mdl 32] The position is equal.} ({Predecessor:} 8. Bg2 Nf5 9. O-O Be7 10. a4 O-O 11. Na3 Qd7 12. Nc4 b6 13. g4 Nh6 14. Bxh6 gxh6 {1-0 Giri,A (2761)-Kamsky,G (2661) Chess.com Rapid Wk13 Swiss 2022 (6)}) 8... Ng6 9. Qe2 (9. Bg2 $11) 9... Qa5 $17 10. Bb2 Nd4 (10... b5 $1 $15 11. Nc2 Bb7) 11. Nxd4 $1 $14 cxd4 12. Nc4 Qd5 13. Rg1 $36 {[%emt 0:00:04][%mdl 2048] White is pushing.} Rb8 14. Bg2 Qd8 15. cxd4 {[%emt 0:00:32] White is more active.} b5 {[%emt 0:05:05] [#]} 16. Ne3 ({Don't play} 16. Bc6+ Bd7 17. Bxd7+ Qxd7 $14) 16... Bb4+ 17. Kf1 Ne7 {[%emt 0:00:09] [#] Dodges d5} ({Better is} 17... O-O $1 $14) 18. Qg4 $1 $16 Qa5 (18... O-O $16) 19. Qxg7 $18 Rg8 {[%emt 0:00:15] [#]} 20. Bc6+ $1 {[%emt 0:01:00][%mdl 576] Deflection} Bd7 21. Bxd7+ ({And not} 21. Qxh7 Bxc6 22. d5 Bxd5 23. Nxd5 exd5 $17) 21... Kxd7 22. Qxf7 {[%emt 0:00:20] d5 is the strong threat.} Bc3 $2 {[%emt 0:09:27] [#]} (22... Rbf8 23. Qxh7 Bd2) 23. d5 $1 Bxb2 (23... Rg6 24. d6) 24. Qxe6+ Kd8 {[%emt 0:02:30] [#]} 25. d6 $1 Bxa1 (25... Rg7 26. dxe7+) 26. Qxe7+ Kc8 {[%emt 0:00:18] Black is weak on the light squares} 27. d7+ {[%emt 0:00:05] A cool game by Peng.   Weighted Error Value: White=0.03 (flawless) /Black=0.63} 1-0

[Event "35th Roquetas Festival 2024"]
[Site "Roquetas de Mar"]
[Date "2024.01.03"]
[Round "2.3"]
[White "Vingris, Mikelis"]
[Black "Bernadskiy, Vitaliy"]
[Result "1/2-1/2"]
[ECO "A11"]
[WhiteElo "2248"]
[BlackElo "2566"]
[Annotator "TA"]
[PlyCount "38"]
[EventDate "2024.01.02"]
[EventType "swiss"]
[EventCountry "ESP"]
[SourceTitle "playchess.com"]
[Source "ChessBase"]
[SourceQuality "1"]
[TimeControl "5400+30"]

1. e4 a6 2. d4 c6 3. Bd3 d5 4. e5 c5 5. dxc5 Nc6 (5... e6 $14) 6. f4 $1 $16 {[%emt 0:11:13] B00: Queen's Fianchetto Defence, Nimzowitsch Defence.} Qa5+ 7. Nd2 Qxc5 8. Nb3 {[%emt 0:01:29] White is better.} Qb6 {[%emt 0:00:04] [#]} 9. Nf3 $146 ({Predecessor:} 9. Qe2 Nh6 10. Nf3 Bg4 11. h3 Bxf3 12. Qxf3 e6 13. Be3 Qc7 14. O-O a5 15. c3 {0-1 Nurmanova,A (2281)-Purtseladze,M (2274) Motiva Online Blitz (Women) 2021 (9)}) 9... Nh6 10. c3 Bg4 ({Less strong is} 10... Ng4 11. Qe2 $16) (10... Nf5 $142) 11. h3 $36 {[%emt 0:04:13][%mdl 2048] Black is under strong pressure.} Bf5 12. g4 Bxd3 13. Qxd3 e6 14. Be3 Qc7 15. O-O (15. O-O-O $16) 15... Ng8 $1 $14 16. Rae1 {[%emt 0:06:42] White has more active pieces.} O-O-O {[%emt 0:04:24] [#]} (16... h5 $1 $14) 17. f5 $1 $16 h5 {[%emt 0:01:55] [#]} (17... Nxe5 $2 18. Nxe5 f6 19. Nd4 fxe5 20. Nxe6) 18. Nbd4 ({Better is} 18. g5 $1 $16) 18... hxg4 $14 (18... Nxe5 $2 19. Nxe5 hxg4 20. Bf4 Rxh3 21. Qe2 $18) 19. hxg4 Nxd4 {[%emt 0:10:58] Weighted Error Value: White=0.18 (very precise) /Black=0.13 (very precise)} (19... Nxe5 $2 20. Nxe5 Qxe5 21. Bf4 $18) 1/2-1/2

[Event "35th Roquetas Festival 2024"]
[Site "Roquetas de Mar"]
[Date "2024.01.03"]
[Round "2.4"]
[White "Sosa, Tomas"]
[Black "Serrano Almendros, Angel"]
[Result "1-0"]
[ECO "B30"]
[WhiteElo "2554"]
[BlackElo "2250"]
[Annotator "TA"]
[PlyCount "97"]
[EventDate "2024.01.02"]
[EventType "swiss"]
[EventCountry "ESP"]
[SourceTitle "playchess.com"]
[Source "ChessBase"]
[SourceQuality "1"]
[TimeControl "5400+30"]

1. e4 c5 2. Nf3 Nc6 3. Bb5 e6 4. Bxc6 bxc6 5. d3 Ne7 6. Qe2 d6 {[%emt 0:00:04] B30: Sicilian: 2...Nc6 3 Bb5, lines without ...g6.} 7. O-O e5 8. c3 {[%emt 0:00:07] [#]} g6 $146 {[%emt 0:20:39] The position is equal.} ({Predecessor:} 8... Ba6 9. Rd1 g6 10. Qc2 Bg7 11. d4 cxd4 12. cxd4 exd4 13. Nxd4 Bb7 14. Bf4 O-O {1-0 Liang,A (2592)-Niemann,H (2467) USA-ch U20 Saint Louis 2019 (5)}) 9. Rd1 Bg7 10. d4 $1 cxd4 11. cxd4 exd4 12. Nxd4 Qb6 13. Nb3 Ba6 {[%emt 0:02:45] This pair of bishops is nice.} 14. Qc2 Rd8 15. Bd2 Rd7 16. Ba5 Qb7 17. Bc3 $36 {[%emt 0:03:17][%mdl 2048] White is more active.} f6 ({Better is} 17... O-O $14) 18. Qd2 (18. Na3 $16) 18... Nc8 $14 19. Na3 (19. Na5 $5 Qc7 20. Na3 $11) 19... Re7 20. Na5 Qc7 21. Rac1 Rxe4 {[%emt 0:07:08] [#]} (21... O-O $142) 22. Nxc6 $1 $16 Qxc6 {[%emt 0:05:59] [#]} 23. Bxf6 $1 {[%emt 0:00:16][%mdl 576] Discovered Attack} Qb7 24. Bxg7 {[%emt 0:00:21][%mdl 64] Deflection} (24. Rxc8+ $6 Qxc8 25. Bxg7 Rg8 $11) 24... Qxg7 25. Qd5 Re7 {[%emt 0:10:05] And now ...Bb7 would win.} 26. Qc6+ Kf7 {[%emt 0:00:03] Strongly threatening ...Bb7.} 27. Qxa6 Qxb2 28. Nb5 Qe2 29. Qa5 Rhe8 {[%emt 0:00:49] [#]} (29... Rf8 $16) 30. Nc7 $1 $18 (30. Nxd6+ $2 Nxd6 31. Qd5+ (31. Rxd6 $2 Qe1+ {[%mdl 64] Back Rank} 32. Rxe1 Rxe1+ {[%mdl 64] Back Rank}) 31... Kg7 $19) 30... Re5 (30... Rf8 $142 31. Nd5 Rb7) 31. Qc3 (31. Qa4 $2 Qe1+ 32. Rxe1 Rxe1+ 33. Rxe1 Rxe1#) 31... Rd8 32. Qb3+ (32. Re1 $6 Qxa2 33. f4 Rc5 $18) (32. h3 $18) 32... Kf8 {[%emt 0:01:20] [#]} (32... Kg7 $16 {might work better.}) 33. Nd5 (33. h3 $1 $18) 33... Ne7 $16 {[%emt 0:00:31] aiming for ...Nxd5.} 34. Nf4 Qe4 35. g3 {[%emt 0:01:18] White is more active.} d5 $2 {[%emt 0:07:44][%mdl 8192] This move loses the game for Black.} (35... g5 $16 {is more resistant.}) 36. Nd3 $18 ({Not} 36. Rc7 Qf5 37. Rxa7 Kg8 38. Rxe7 Rxe7 $18) 36... Rf5 37. Re1 Qd4 38. Rc7 {[%emt 0:02:44] Intending Qa3 and mate.} Re8 39. Qa3 Rf7 40. Nf4 {[%emt 0:02:12][%mdl 64] Ne6+ would kill now. Deflection} Rxf4 41. gxf4 Qxf4 42. Rxa7 ({Inferior is} 42. Rcxe7 Qg5+ 43. Kf1 Rxe7 $11) 42... h5 43. Qg3 (43. Raxe7 Qg5+ 44. Kf1 Rxe7) 43... Qb4 44. Re3 {[%emt 0:01:07] Hoping for Qe5.} d4 45. Qf4+ {[%emt 0:00:29] White mates.} Kg8 46. Qe4 Kf8 47. Rf3+ Kg7 48. Qe5+ Kh6 49. Qf4+ {[%emt 0:00:01] Artfully played by Sosa.   Weighted Error Value: White=0.19 (very precise) /Black=0.51} 1-0

[Event "35th Roquetas Festival 2024"]
[Site "Roquetas de Mar"]
[Date "2024.01.03"]
[Round "2.5"]
[White "Moral Garcia, Serafin"]
[Black "Stremavicius, Titas"]
[Result "0-1"]
[ECO "B13"]
[WhiteElo "2246"]
[BlackElo "2543"]
[Annotator "TA"]
[PlyCount "68"]
[EventDate "2024.01.02"]
[EventType "swiss"]
[EventCountry "ESP"]
[SourceTitle "playchess.com"]
[Source "ChessBase"]
[SourceQuality "1"]
[TimeControl "5400+30"]

1. e4 c6 2. d4 d5 3. exd5 cxd5 4. c4 Nf6 5. Nc3 Nc6 6. Bg5 Ne4 7. Be3 {[%emt 0:05:39] B13: Caro-Kann: Exchange Variation and Panov-Botvinnik Attack.} Nxc3 (7... e5 {is more complex.} 8. Nf3 Bb4 9. Rc1 exd4 10. Nxd4 O-O) 8. bxc3 e6 9. Nf3 {[%emt 0:03:36] The position is equal.} Be7 10. Bd3 dxc4 11. Bxc4 O-O 12. O-O b6 {[%emt 0:01:11] [#]} 13. Bd3 $146 ({Predecessor:} 13. Qe2 Bb7 14. Rfd1 Qc7 15. Bd3 Rac8 16. Rac1 h6 17. c4 e5 18. d5 Nb8 19. Bf5 {1-0 Kyc,J (2250)-Piekielny,P (2104) Krakow op-A 32nd 2021 (1)}) 13... Bb7 14. Qc2 g6 15. Bh6 Re8 16. Qd2 Bf6 (16... Bd6 {is interesting.} 17. Rfe1 Ne7 18. Ne5 Nf5) 17. Rfe1 e5 18. Be4 exd4 (18... Rc8 {simplifies} 19. Nxe5 Bxe5 20. dxe5 Qxd2 21. Bxd2 Rxe5 22. f3 Rc5) 19. cxd4 Qd6 20. Rad1 Rad8 21. d5 Na5 22. Ng5 (22. Qd3 $11) 22... Nc4 $15 23. Qc1 Nb2 {[%emt 0:04:41] Active counter play!} 24. Rd2 Na4 {[%emt 0:02:50] Threatens to win with ...Bc3.} (24... Rc8 $5 25. Rc2 Qb4 26. Rxc8 Rxc8 $15) 25. Rd3 {[%emt 0:04:22][%mdl 8192] [#] Repels Bc3. This costs White the game.} (25. Bf3 $11 {and White is okay.} Nc5 26. Rxe8+ Rxe8 27. g3) 25... Rc8 $1 $19 26. Qe3 {[%emt 0:09:31][%cal Oe4g6] Bxg6! would be deadly.} Bxg5 27. Qxg5 {[%emt 0:04:52] [#] Hoping for Rde3.} f5 $1 28. Rf3 (28. f3 fxe4) 28... Nc5 (28... Rxe4 $2 {loses.} 29. Rxe4 fxe4 30. Rf6) ({Stronger than} 28... Bxd5 29. Bxd5+ Qxd5 30. Rfe3 $11) 29. Rxf5 (29. Qg3 $142 Qd7 30. Rc3) 29... Nxe4 {[%emt 0:00:09] Black is clearly winning.} 30. Rxe4 Rxe4 31. g3 Qe7 32. Rf6 Re1+ 33. Kg2 Re6 34. Rxg6+ hxg6 {[%emt 0:00:07] Weighted Error Value: White=1.47/Black=0.54} 0-1

[Event "35th Roquetas Festival 2024"]
[Site "Roquetas de Mar"]
[Date "2024.01.03"]
[Round "2.6"]
[White "Fernandez, Daniel Howard"]
[Black "Cabezas Ayala, Ivan"]
[Result "1/2-1/2"]
[ECO "A06"]
[WhiteElo "2525"]
[BlackElo "2244"]
[Annotator "TA"]
[PlyCount "83"]
[EventDate "2024.01.02"]
[EventType "swiss"]
[EventCountry "ESP"]
[SourceTitle "playchess.com"]
[Source "ChessBase"]
[SourceQuality "1"]
[TimeControl "5400+30"]

1. g3 d5 2. Nf3 Nf6 3. Bg2 e6 4. O-O Be7 5. c4 O-O 6. d4 c6 7. b3 b6 8. Bb2 Nbd7 9. Qc2 Bb7 10. Nbd2 c5 11. dxc5 {[%emt 0:01:24] E09: Closed Catalan: Main Line: 7 Qc2 c6 8 Nbd2.} Bxc5 12. Rac1 Rc8 13. Qb1 {[%emt 0:00:37][%cal Ob3b4] The position is equal.} Qe7 14. Qa1 (14. cxd5 {looks sharper.} exd5 15. e3 g6 16. Bh3) 14... Ba3 15. Rfd1 Bxb2 16. Qxb2 {[%emt 0:00:02] [#]} Nc5 $146 ({Predecessor:} 16... Rfd8 17. cxd5 Bxd5 18. Qb1 Nf8 19. Ne1 Bxg2 20. Nxg2 Ng6 21. Nc4 Rxd1+ 22. Rxd1 Rd8 {½-½ Markus,M (1566)-Toth,C (1326) HUN-chT U18 2nd 2018 (5.27)}) 17. b4 Nce4 18. cxd5 Nxd2 19. Qxd2 {[%emt 0:00:29] aiming for d6.} Bxd5 20. Ne5 Bxg2 21. Kxg2 Qb7+ 22. f3 h6 23. a4 Rxc1 24. Rxc1 Rc8 {[%emt 0:00:30] Inhibits Nc6.} 25. Rxc8+ Qxc8 $11 {[%emt 0:00:05][%mdl 4096] Endgame KQN-KQN} 26. b5 Nd5 27. Nc6 Qc7 $1 28. Kf2 Ne7 (28... f5 $11 {remains equal.}) 29. Qf4 $1 $16 {[%emt 0:00:48] White has more active pieces.} Qxf4 {[%emt 0:12:35] This move loses the game for Black.} (29... e5 $16 30. Nxe5 (30. Qxe5 Qxe5 31. Nxe5 Kf8 $16) 30... Qc5+ 31. Kf1 Qd5) 30. Nxe7+ $18 Kf8 31. Ng6+ fxg6 32. gxf4 {[%emt 0:00:06] KP-KP} Ke7 33. Ke3 Kd7 34. Kd4 Kd6 35. h4 Kd7 36. Ke5 Ke7 {[%emt 0:00:07] [#]} 37. e4 $1 h5 {[%emt 0:05:22] [#]} 38. f5 $1 exf5 39. exf5 {[%emt 0:00:02] White mates.} gxf5 40. Kxf5 Kd6 41. Kg6 Ke5 42. Kxg7 {[%emt 0:00:22][%mdl 32768] Weighted Error Value: White=0.07 (flawless) /Black=0.36. An unexpected result.} 1/2-1/2

[Event "35th Roquetas Festival 2024"]
[Site "Roquetas de Mar"]
[Date "2024.01.03"]
[Round "2.7"]
[White "Gonzalez Castillo, Jose Javier"]
[Black "Korneev, Oleg"]
[Result "0-1"]
[ECO "C54"]
[WhiteElo "2231"]
[BlackElo "2474"]
[Annotator "TA"]
[PlyCount "116"]
[EventDate "2024.01.02"]
[EventType "swiss"]
[EventCountry "ESP"]
[SourceTitle "playchess.com"]
[Source "ChessBase"]
[SourceQuality "1"]
[TimeControl "5400+30"]

1. e4 e5 2. Nf3 Nc6 3. Bc4 Bc5 4. c3 Nf6 5. d3 a6 6. O-O Ba7 7. Nbd2 d6 8. Bb3 O-O 9. h3 h6 10. Re1 Nh5 11. Nf1 Qf6 12. Be3 Bxe3 {[%emt 0:00:05] C54: Giuoco Piano: 4 c3 Nf6, main lines with 5 d4 and 5 d3.} 13. Nxe3 Nf4 14. Nd5 Nxd5 {[%emt 0:00:07] The position is equal.} 15. exd5 Ne7 16. d4 Ng6 17. dxe5 dxe5 18. Bc2 Bf5 {[%emt 0:00:02] Against Qd3} 19. Bxf5 Qxf5 20. Qb1 Qxb1 21. Raxb1 f6 22. g3 Rfd8 23. c4 {[%emt 0:01:19] [#]} Kf7 $146 ({Predecessor:} 23... c6 24. dxc6 bxc6 25. Rbd1 Kf7 26. Kf1 Nf8 27. Nd2 Rd4 28. Nf3 Rdd8 29. Nd2 Rd4 30. Nf3 Rdd8 {½-½ Xu,Y (2526)-Xiang,Z (2432) CHN-chT Daqing 2019 (4.3)}) 24. Rbd1 Ne7 25. Kg2 Rd7 26. Nd2 c6 27. Ne4 {[%emt 0:05:24] Threatens to win with dxc6.} cxd5 28. cxd5 Rad8 29. Nc5 Rxd5 30. Rxd5 Rxd5 31. Nxb7 $11 {[%emt 0:00:34][%mdl 4096] Endgame KRN-KRN} Rd2 32. Rb1 $1 e4 {[%emt 0:02:26] ...e3 would be deadly.} 33. Kg1 f5 34. Nc5 a5 35. Nb3 Rd5 36. Rc1 g5 37. Rc5 Rd1+ 38. Kg2 a4 39. Na5 Nd5 (39... Kf6 $5 40. Nc4 f4 41. gxf4 gxf4 $15) 40. Nc4 Ke7 41. Ra5 f4 42. Rxa4 f3+ 43. Kh2 Kd8 44. Ra3 {[%emt 0:04:00][%mdl 8192] [#] This move loses the game for White.} (44. g4 $11) 44... Rf1 $1 $19 45. Ne3 (45. h4 $142 Rxf2+ 46. Kg1 Rg2+ 47. Kf1) 45... Nxe3 (45... Rxf2+ 46. Kg1 Rd2 47. Ra8+ Kc7 48. Ra7+ Kc6 49. Ra6+ Kb7 50. Ra3 $19) 46. Rxe3 Rxf2+ {[%emt 0:00:04] KR-KR} 47. Kg1 {[%emt 0:00:02] [#]} Rg2+ $1 (47... Rxb2 48. Rxe4 Rg2+ 49. Kf1 $15) 48. Kf1 Rxg3 ({Worse is} 48... Rxb2 49. Rxe4 Kd7 50. a4 $11) 49. Rxe4 Rxh3 {[%emt 0:00:01] Strongly threatening ...h5.} 50. a4 (50. Rg4 $142 Ke7 51. Kf2) 50... h5 51. a5 g4 {[%emt 0:00:12] ( -> ...g3)} 52. Rf4 Rh1+ 53. Kf2 Rh2+ {[%emt 0:00:09][%mdl 64] Skewer} 54. Kg3 Rxb2 {[%emt 0:00:03] And now ...Rg2+ would win.} 55. a6 Kc7 56. Rf7+ Kb8 {[%emt 0:00:13] ...Rg2+ is the strong threat.} 57. Rf5 Rg2+ 58. Kh4 f2 {[%emt 0:00:10] Weighted Error Value: White=1.10/Black=0.02 (flawless)} 0-1

[Event "35th Roquetas Festival 2024"]
[Site "Roquetas de Mar"]
[Date "2024.01.03"]
[Round "2.8"]
[White "Camacho Collados, Marcos"]
[Black "Valdepenas Octavio, Javier"]
[Result "1-0"]
[ECO "A08"]
[WhiteElo "2466"]
[BlackElo "2228"]
[Annotator "TA"]
[PlyCount "74"]
[EventDate "2024.01.02"]
[EventType "swiss"]
[EventCountry "ESP"]
[SourceTitle "playchess.com"]
[Source "ChessBase"]
[SourceQuality "1"]
[TimeControl "5400+30"]

1. Nf3 d5 2. g3 Nf6 3. Bg2 e6 4. O-O Be7 5. d3 O-O 6. Nbd2 c5 7. e4 Nc6 8. Re1 dxe4 9. dxe4 e5 10. c3 Qc7 11. Nh4 {[%emt 0:05:56] C00: French: Unusual White 2nd moves.} Bg4 12. Qc2 Be6 {[%emt 0:05:01] [#]} 13. Nf1 $146 {[%emt 0:12:02] The position is equal.} ({Predecessor:} 13. Nf5 Rad8 14. Nf3 Bc4 15. Bf1 Bxf1 16. Rxf1 c4 17. Qe2 b5 18. b3 Na5 19. Bg5 {1-0 Lupienski,E-Hasidume,S (1730) W-ch WS/O/023 email 2005}) 13... Rfd8 14. Ne3 g6 15. Bf1 Na5 16. b3 Qc6 17. f3 b5 18. c4 bxc4 19. bxc4 Qe8 20. Nd5 Rac8 {[%emt 0:02:48] Wards off Nc7} 21. Ng2 Nc6 22. Nge3 Nd4 23. Qf2 Qd7 24. Nc3 (24. Nxe7+ $14 {was preferrable.} Qxe7 25. Nd5 Bxd5 26. cxd5) 24... Re8 25. Bg2 Bd8 26. Bd2 Rb8 27. Rab1 Be7 28. Rec1 Rb6 29. Rxb6 axb6 30. Rb1 Rb8 31. a4 (31. f4 {keeps more tension.} exf4 32. gxf4 Ng4 33. Nxg4 Bxg4 34. Be3) 31... Qd8 32. Rb2 Ne8 33. Qf1 Bf6 34. Ned5 Bg7 {[%emt 0:00:34] [#]} (34... Bxd5 $11 35. Nxd5 Nc7) 35. Qb1 $1 $16 Nd6 36. Nxb6 Rb7 (36... Nxc4 $14 37. Nxc4 Rxb2 38. Nxb2 Nxf3+ 39. Bxf3 Qxd2) 37. a5 Nxc4 {[%emt 0:01:01] Weighted Error Value: White=0.09 (flawless) /Black=0.14 (very precise)} (37... h5 $16 {was called for.}) 1-0

[Event "35th Roquetas Festival 2024"]
[Site "Roquetas de Mar"]
[Date "2024.01.03"]
[Round "2.9"]
[White "Marin Ferragut, Pau"]
[Black "Macias Pino, Diego"]
[Result "0-1"]
[ECO "B51"]
[WhiteElo "2178"]
[BlackElo "2456"]
[Annotator "RC"]
[PlyCount "62"]
[EventDate "2024.01.02"]
[EventType "swiss"]
[EventCountry "ESP"]
[SourceTitle "playchess.com"]
[Source "ChessBase"]
[SourceQuality "1"]
[TimeControl "5400+30"]

1. e4 c5 2. Nf3 d6 3. Bb5+ Nd7 4. c3 Ngf6 5. Qe2 a6 6. Ba4 b5 7. Bc2 Bb7 8. d4 e6 9. O-O Be7 10. Rd1 Rc8 11. a4 bxa4 12. Rxa4 cxd4 13. Raxd4 e5 14. Rc4 Rb8 15. Na3 O-O 16. Bg5 Nb6 17. Nxe5 Nxc4 18. Nexc4 Qc7 19. Bxf6 Bxf6 20. Nxd6 Be5 21. Nac4 Rfd8 22. Nxb7 Rxd1+ 23. Bxd1 Bxh2+ 24. Kh1 Rxb7 25. g3 Bxg3 26. fxg3 Qxg3 27. e5 Re7 28. Bc2 Re6 29. Qg2 Rh6+ 30. Kg1 Qe1+ 31. Qf1 Rh1+ 0-1

[Event "35th Roquetas Festival 2024"]
[Site "Roquetas de Mar"]
[Date "2024.01.03"]
[Round "2.10"]
[White "Espinosa Aranda, Angel"]
[Black "Serrano Almendros, Alejandro"]
[Result "1-0"]
[ECO "B30"]
[WhiteElo "2431"]
[BlackElo "2206"]
[Annotator "RC"]
[PlyCount "67"]
[EventDate "2024.01.02"]
[EventType "swiss"]
[EventCountry "ESP"]
[SourceTitle "playchess.com"]
[Source "ChessBase"]
[SourceQuality "1"]
[TimeControl "5400+30"]

1. e4 c5 2. Nf3 Nc6 3. Bb5 e6 4. O-O Nge7 5. c3 a6 6. Ba4 b5 7. Bc2 d5 8. a4 Rb8 9. axb5 axb5 10. d4 Ng6 11. exd5 Qxd5 12. c4 bxc4 13. Nc3 Qd6 14. Ba4 Be7 15. d5 exd5 16. Nxd5 Be6 17. Nxe7 Kxe7 18. Be3 Nb4 19. Qxd6+ Kxd6 20. Rfd1+ Bd5 21. b3 c3 22. Rac1 c2 23. Rd2 f5 24. g3 Ke6 25. Ne1 Be4 26. Bxc5 Na2 27. Rcxc2 Bxc2 28. Nxc2 Rhd8 29. Nd4+ Kd5 30. Ba7 Nb4 31. Nc6+ Ke4 32. Nxd8 Rc8 33. Kg2 Ne5 34. Rd4# 1-0

[Event "35th Roquetas Festival 2024"]
[Site "Roquetas de Mar"]
[Date "2024.01.03"]
[Round "2.11"]
[White "Rodriguez Lopez, Rafael"]
[Black "Merario Alarcon, Andres"]
[Result "0-1"]
[ECO "B30"]
[WhiteElo "2152"]
[BlackElo "2429"]
[Annotator "RC"]
[PlyCount "120"]
[EventDate "2024.01.02"]
[EventType "swiss"]
[EventCountry "ESP"]
[SourceTitle "playchess.com"]
[Source "ChessBase"]
[SourceQuality "1"]
[TimeControl "5400+30"]

1. e4 c5 2. Nf3 Nc6 3. Bb5 d6 4. O-O Bd7 5. Re1 Nf6 6. h3 a6 7. Bf1 Rg8 8. d4 cxd4 9. Nxd4 Nxd4 10. Qxd4 g5 11. e5 dxe5 12. Qxe5 e6 13. Bxg5 Ng4 14. Bxd8 Nxe5 15. Rxe5 Rxd8 16. Nc3 Bc6 17. Rd1 Rxd1 18. Nxd1 Bg7 19. Re3 Bd4 20. Rd3 e5 21. c3 Bc5 22. Ne3 Rg6 23. Rd2 h5 24. Bc4 Be4 25. b4 Bxe3 26. fxe3 Rg3 27. Rf2 f5 28. Be6 f4 29. exf4 exf4 30. Rxf4 Rxg2+ 31. Kf1 Bc6 32. Bf7+ Ke7 33. Bxh5 Rg3 34. h4 Rxc3 35. Bg6 Rh3 36. Be4 Rh2 37. Bxc6 bxc6 38. a4 Ra2 39. a5 c5 40. bxc5 Rxa5 41. Rf5 Ra4 42. h5 Rh4 43. Ke2 Ke6 44. Rg5 Kf6 45. Rg6+ Kf7 46. Rh6 Rc4 47. c6 Kg7 48. Rd6 a5 49. Kd3 Rc1 50. h6+ Kh7 51. Kd4 a4 52. Rd7+ Kxh6 53. Kd5 Kg6 54. Ra7 Kf6 55. Kd6 Rd1+ 56. Kc7 Rd4 57. Kb8 Rd8+ 58. Kb7 Rd4 59. c7 Rb4+ 60. Ka8 Ke5 0-1

[Event "35th Roquetas Festival 2024"]
[Site "Roquetas de Mar"]
[Date "2024.01.03"]
[Round "2.12"]
[White "Huerga Leache, Mikel"]
[Black "Valdats, Reinis"]
[Result "1/2-1/2"]
[ECO "E11"]
[WhiteElo "2424"]
[BlackElo "2143"]
[Annotator "RC"]
[PlyCount "79"]
[EventDate "2024.01.02"]
[EventType "swiss"]
[EventCountry "ESP"]
[SourceTitle "playchess.com"]
[Source "ChessBase"]
[SourceQuality "1"]
[TimeControl "5400+30"]

1. d4 Nf6 2. Nf3 e6 3. c4 Bb4+ 4. Nbd2 O-O 5. a3 Bxd2+ 6. Qxd2 d6 7. e3 Nbd7 8. Be2 Qe7 9. O-O b6 10. b4 Bb7 11. Bb2 Ne4 12. Qc2 f5 13. d5 e5 14. Rad1 Rae8 15. Nd2 Nxd2 16. Rxd2 f4 17. exf4 Rxf4 18. g3 Rff8 19. Bh5 Rd8 20. Bg4 Bc8 21. f4 exf4 22. Be6+ Kh8 23. gxf4 Nf6 24. f5 Bxe6 25. fxe6 Ng4 26. Qc3 Rxf1+ 27. Kxf1 Rf8+ 28. Ke2 Qg5 29. h4 Qg6 30. Ke1 Ne5 31. Re2 Qb1+ 32. Bc1 Kg8 33. Qc2 Qa1 34. Re4 Nd3+ 35. Kd2 Rf2+ 36. Kxd3 Rxc2 37. Kxc2 Kf8 38. Rf4+ Ke8 39. Rf7 Qd4 40. Rf4 1/2-1/2

[Event "35th Roquetas Festival 2024"]
[Site "Roquetas de Mar"]
[Date "2024.01.03"]
[Round "2.13"]
[White "Gomez Sanjuan, Hector Fernando"]
[Black "Fiorito, Joaquin"]
[Result "1/2-1/2"]
[ECO "E20"]
[WhiteElo "2139"]
[BlackElo "2401"]
[Annotator "RC"]
[PlyCount "71"]
[EventDate "2024.01.02"]
[EventType "swiss"]
[EventCountry "ESP"]
[SourceTitle "playchess.com"]
[Source "ChessBase"]
[SourceQuality "1"]
[TimeControl "5400+30"]

1. d4 Nf6 2. c4 e6 3. Nc3 Bb4 4. f3 c5 5. d5 b5 6. e4 d6 7. Nge2 bxc4 8. Nf4 g5 9. Nfe2 exd5 10. exd5 Qe7 11. Bxg5 Rg8 12. Bd2 Nbd7 13. Qa4 Bxc3 14. Bxc3 Kf8 15. Qxc4 Nb6 16. Qh4 Nbxd5 17. O-O-O Rb8 18. Qh6+ Ke8 19. Bxf6 Nxf6 20. Nc3 Rb6 21. Bb5+ Kd8 22. g4 Be6 23. Rhe1 d5 24. g5 d4 25. gxf6 Qb7 26. Qxh7 Rg2 27. Qh8+ Kc7 28. Qe8 Qxf3 29. Rxe6 fxe6 30. f7 Rf2 31. Qe7+ Kb8 32. Qd8+ Kb7 33. Qd7+ Kb8 34. Qd8+ Kb7 35. Qd7+ Kb8 36. Qd8+ 1/2-1/2

[Event "35th Roquetas Festival 2024"]
[Site "Roquetas de Mar"]
[Date "2024.01.03"]
[Round "2.14"]
[White "Tejedor Fuente, Enrique"]
[Black "Navarro Martinez, Victor"]
[Result "1/2-1/2"]
[ECO "A14"]
[WhiteElo "2395"]
[BlackElo "2124"]
[Annotator "RC"]
[PlyCount "100"]
[EventDate "2024.01.02"]
[EventType "swiss"]
[EventCountry "ESP"]
[SourceTitle "playchess.com"]
[Source "ChessBase"]
[SourceQuality "1"]
[TimeControl "5400+30"]

1. c4 e6 2. Nf3 d5 3. g3 Nf6 4. Bg2 Be7 5. O-O O-O 6. d4 dxc4 7. Qc2 a6 8. Qxc4 b5 9. Qc2 Bb7 10. Bf4 Nd5 11. Nc3 Nxf4 12. gxf4 Nd7 13. Rfd1 Qc8 14. Ne5 Nxe5 15. Bxb7 Qxb7 16. dxe5 c5 17. Ne4 c4 18. Nd6 Qc6 19. Qe4 Qxe4 20. Nxe4 Rfd8 21. e3 Rxd1+ 22. Rxd1 Rd8 23. Rxd8+ Bxd8 24. Kf1 Kf8 25. Ke2 Ke7 26. Kd1 Bc7 27. Kc2 f6 28. exf6+ gxf6 29. h3 f5 30. Ng5 h6 31. Nf3 Kd6 32. Kd2 Kd5 33. Kd1 a5 34. Kc2 Bb8 35. Nd4 b4 36. b3 Bxf4 37. bxc4+ Kxc4 38. Nxe6 Be5 39. Nd8 Kd5 40. Kb3 Bc7 41. Nf7 Ke6 42. Nxh6 Kf6 43. a3 bxa3 44. Kxa3 Kg6 45. Ng4 fxg4 46. hxg4 Kg5 47. f3 Bd6+ 48. Ka4 Bb4 49. Kb5 Bd2 50. Ka4 Be1 1/2-1/2